 Dungeon Sprint DCSS version 0.21-a0-417-g0adc95b (webtiles) character file.

328 HAL9000 the Grappler (level 6, -1/46 (47) HPs)
             Began as a Draconian Transmuter on Nov 3, 2017.
             Slain by a hippogriff (6 damage)
             ... in the Dungeon (Sprint II: "The Violet Keep of Menkaure").
             The game lasted 00:01:07 (334 turns).

HAL9000 the Grappler (Draconian Transmuter)          Turns: 334, Time: 00:01:08

HP:   -1/46 (47)    AC:  6    Str: 13    XL:     6   Next: 25%
MP:   9/9           EV: 12    Int: 14    God:
Gold: 243           SH:  0    Dex: 12    Spells: 8/9 levels left

rFire    . . .     SeeInvis .     - Unarmed
rCold    . . .     Gourm    .   (no shield)
rNeg     . . .     Faith    .   (armour unavailable)
rPois    .         Spirit   .   (helmet restricted)
rElec    .         Reflect  .   (no cloak)
rCorr    .         Harm     .   (no gloves)
MR       .....     NoTele   +   (no boots)
Stlth    +.........             (no amulet)
HPRegen  0.15/turn              (no ring)
MPRegen  0.11/turn              (no ring)

@: no status effects
A: unfitting armour, cold-blooded, AC +6
a: no special abilities


You were in the Dungeon.
You were not hungry.

You visited 1 branch You collected 243 gold pieces.

Inventory:

Missiles
 a - 12 arrows
Scrolls
 i - a scroll of blinking
Potions
 d - a potion of curing
 e - a potion of heal wounds
 f - a potion of haste
 g - 2 potions of magic
Books
 b - a book of Changes

   Spells                             Type                      Level
   a - Beastly Appendage              Transmutation                1
   b - Sticks to Snakes               Transmutation                2
   c - Spider Form                    Transmutation/Poison         3
   d - Ice Form                       Ice/Transmutation            4
   e - Blade Hands                    Transmutation                5
Comestibles
 c - a bread ration


   Skills:
 - Level 1.1 Fighting
 - Level 1.7 Dodging
 + Level 9.9 Unarmed Combat
 - Level 2.0 Spellcasting
 + Level 9.6 Transmutations


You had 8 spell levels left.
You knew the following spells:

 Your Spells              Type           Power        Failure   Level  Hunger
a - Beastly Appendage     Tmut           ####..       1%          1    ##.....


Dungeon Overview and Level Annotations

Branches:
Dungeon (1/1)

Altars:


Innate Abilities, Weirdness & Mutations

Your plain brown scales are hard. (AC +6)
You cannot fit into any form of body armour.
You are cold-blooded and may be slowed by cold attacks.


Message History

Casting: Beastly Appendage
Confirm with . or Enter, or press ? or * to list all spells.
You don't know that spell.
You punch the hippogriff!
The hippogriff is severely wounded.
The hippogriff bites you. The hippogriff barely misses you.
The hippogriff claws you!
* * * LOW HITPOINT WARNING * * *
You hit the hippogriff but do no damage.
The hippogriff is severely wounded.
The hippogriff closely misses you. The hippogriff barely misses you.
The hippogriff claws you.
* * * LOW HITPOINT WARNING * * *
You punch the hippogriff!
You tail-slap the hippogriff, but do no damage.
The hippogriff is almost dead.
You barely miss the hippogriff.
Your tail-slap misses the hippogriff.
The hippogriff is almost dead.
The hippogriff bites you.
You die...

++#++ ...
##+##
##...##
#..#÷.#
##.#÷####
##÷###.#
##.##H#
+.<@H#
##.##$#
#+# #.#
##


You could see 2 hippogriffs.

Vanquished Creatures
  4 necrophages (D)
4 creatures vanquished.

Vanquished Creatures (others)
  A crocodile (D)
1 creature vanquished.

Grand Total: 5 creatures vanquished

Notes
Turn   | Place    | Note
-------+----------+-------------------------------------------
     0 | D        | HAL9000 the Draconian Transmuter began the quest for the Orb.
     0 | D        | Reached XP level 1. HP: 16/16 MP: 3/3
     1 | D        | Noticed a necrophage
     1 | D        | Noticed a necrophage
     1 | D        | Noticed a necrophage
     1 | D        | Noticed a necrophage
     8 | D        | Killed a necrophage
     8 | D        | Reached XP level 2. HP: 23/23 MP: 3/5
     8 | D        | Reached XP level 3. HP: 28/28 MP: 3/6
     8 | D        | Reached XP level 4. HP: 35/35 MP: 3/7
    14 | D        | Killed a necrophage
    14 | D        | Reached XP level 5. HP: 39/39 MP: 3/8
    19 | D        | Killed a necrophage
    29 | D        | Killed a necrophage
    29 | D        | Reached XP level 6. HP: 18/46 MP: 4/9
   325 | D        | Noticed a hippogriff
   325 | D        | Noticed a hippogriff
   334 | D        | Slain by a hippogriff

Vault maps used:
D:        the_violet_keep_of_menkaure

Skill      XL: |  1  2  3  4  5 |
---------------+----------------+-----
Unarmed Combat | 6 8 9 |  9.9
Transmutations | 6 7 9 |  9.6
Fighting       | |  1.1
Dodging        | |  1.7
Spellcasting   | |  2.0

Action                   |  1- 3 |  4- 6 || total
-------------------------+-------+-------++-------
Melee: Unarmed           |     5 |    22 ||    27
       Tailslap          |     2 |     1 ||     3
       Punch             |     1 |       ||     1
 Cast: Beastly Appendage |     1 |     1 ||     2
  Use: Potion            |     1 |       ||     1
Armor: Skin              |     1 |     5 ||     6
Dodge: Dodged            |     1 |    15 ||    16

Table legend:
 A = Spawn XP
 B = Non-spawn XP
 C = Spawn XP percentage of total XP
 D = Spawn monster count
 E = Non-spawn monster count
 F = Spawn count percentage of total count
 G = Total turns spent on level
                    A         B        C        D         E        F      G
               +---------+---------+-------+---------+---------+-------+---------
         Total |       0 |     469 |   0.0 |       0 |       4 |   0.0 |   334
               +---------+---------+-------+---------+---------+-------+---------
             D |       0 |     469 |   0.0 |       0 |       4 |   0.0 |   334
               +---------+---------+-------+---------+---------+-------+---------
